 Dungeon Sprint DCSS version 0.23.2-1-ga50397a6bc (webtiles) character file.

Game seed: 11170721381959239759

6300000 Grohoret the Conqueror (level 27, -9/320 (323) HPs)
             Began as an Ogre Monk on May 17, 2019.
             Was the Champion of Makhleb.
             Mangled by a meat berserker
             ... wielding a +9 battleaxe
              (40 damage)
             ... in the Dungeon (Sprint VIII: "Arena of Blood").
             The game lasted 00:06:54 (63 turns).

Grohoret the Conqueror (Ogre Monk)                    Turns: 63, Time: 00:06:54

HP:   -9/320 (323)  AC:  5    Str: 29    XL:     27
MP:   30/54         EV: 27    Int: 11    God:    Makhleb [******]
Gold: 0             SH:  0    Dex: 14    Spells: 80/80 levels left

rFire    . . .     SeeInvis .   j - +∞ Axe of Woe
rCold    . . .     Gourm    .   (shield currently unavailable)
rNeg     . . .     Faith    .   b - +0 robe
rPois    .         Spirit   .   (helmet restricted)
rElec    .         Reflect  .   (no cloak)
rCorr    .         Harm     .   (gloves unavailable)
MR       ++...     NoTele   +   (boots unavailable)
Stlth    +++++++++.             (no amulet)
HPRegen  0.63/turn              (no ring)
MPRegen  0.34/turn              (no ring)

@: no status effects
A: large, unfitting armour, tough skin 1
a: Minor Destruction, Lesser Servant of Makhleb, Major Destruction, Greater
Servant of Makhleb, Renounce Religion


You were in the Dungeon.
You worshipped Makhleb.
Makhleb was exalted by your worship.
You were not hungry.

You visited 1 branch

Inventory:

Hand Weapons
 a - a +0 hand axe
 j - the +∞ Axe of Woe (weapon)
   (You found it in the Dungeon)
Armour
 b - a +0 robe (worn)
Scrolls
 i - a scroll of blinking
Potions
 d - a potion of curing
 e - a potion of heal wounds
 f - a potion of haste
 g - 2 potions of magic
 h - a potion of berserk rage
Comestibles
 c - a ration


   Skills:
 O Level 27 Fighting
 O Level 27 Axes
 O Level 27 Throwing
 O Level 27 Armour
 O Level 27 Dodging
 O Level 27 Stealth
 O Level 27 Unarmed Combat
 O Level 27 Spellcasting
 O Level 27 Invocations


You had 80 spell levels left.
You didn't know any spells.
Your spell library was empty.

Dungeon Overview and Level Annotations

Branches:
Dungeon (1/1)

Altars:
Makhleb

Annotations:
D The Servant


Innate Abilities, Weirdness & Mutations

You are too large for most types of armour.
You have tough skin. (AC +1)


Message History

You hear a shout! x2
A bag of meat comes into view. It is wielding a +9 war axe.
You hear a shout!
An orc and a vampire knight come into view.
The destroyer is wielding a +9 great sword of slicing.
You hear a shout! x2
A bag of meat comes into view. It is wielding a +9 war axe.
The large bag of meat hits you with a +9 giant spiked club!!!!
The large bag of meat hits you with a +9 giant spiked club!!!
* * * LOW HITPOINT WARNING * * *
The meat berserker is engulfed in blazing flames.
The sculptor of flesh is engulfed in blazing flames.
The bag of meat is engulfed in blazing flames.
You hear a shout! x2
The bag of meat is engulfed in blazing flames. x2
The accursed casts a spell at you. Something smites you!
* * * LOW HITPOINT WARNING * * *
The meat berserker hits you with a +9 battleaxe!!!
You die...

Ooo...#.... #)).....#
...O#......###§).....###.
........○°.).)).###......
....X.o#°))))XX._......
....o#.o@)))L#.....#..
###L.oOVOXXX.#_.<._#
##XoXX#zX§○°○.#)....#
....Xooo#%.%....._......
...MO§§o@o..%...###......
....o☼oLOOo###.... ..###.
...§.o..%.oo.#.... ..#
..o.....%.o..#.... .#
.M..#......oO..... ..
...#.#.#....oL..
2...#.#.....Oo.. .#.#
#....o.Vo


You could see 2 accurseds, 5 tentacled monstrosities, 4 tyrants, The Servant, a
destroyer, a sculptor of flesh, 3 large bags of meat, 5 large abominations, 5
meat berserkers and 22 bags of meat.

Vanquished Creatures
  2 greater mummies (D)
  15 vampire knights (D)
  24 ogres (D)
  8 two-headed ogres (D)
  A lich (D)
  42 orcs (D)
  4 skeletal warriors (D)
  2 large abominations (D)
  A small abomination (D)
  4 crawling corpses (D)
103 creatures vanquished.

Vanquished Creatures (others)
  A small abomination (D)
  7 crawling corpses (D)
8 creatures vanquished.

Grand Total: 111 creatures vanquished

Notes
Turn   | Place    | Note
-------+----------+-------------------------------------------
     0 | D        | Found the +∞ Axe of Woe
     0 | D        | Grohoret the Ogre Monk began the quest for the Orb.
     0 | D        | Reached XP level 1. HP: 24/24 MP: 1/1
     2 | D        | Noticed a bag of meat
     4 | D        | Became a worshipper of Makhleb the Destroyer
     4 | D        | Reached * piety under Makhleb
     4 | D        | Reached ** piety under Makhleb
     5 | D        | Noticed a bag of meat
     6 | D        | Noticed a bag of meat
     8 | D        | Killed a bag of meat
     8 | D        | Reached skill level 5 in Stealth
     8 | D        | Reached XP level 2. HP: 67/67 MP: 2/2
     8 | D        | Reached XP level 3. HP: 76/76 MP: 3/3
     8 | D        | Reached XP level 4. HP: 85/85 MP: 4/4
     8 | D        | Reached XP level 5. HP: 94/94 MP: 5/5
     8 | D        | Reached XP level 6. HP: 104/104 MP: 6/6
     8 | D        | Reached XP level 7. HP: 113/113 MP: 7/7
     8 | D        | Reached XP level 8. HP: 122/122 MP: 8/8
     8 | D        | Reached XP level 9. HP: 131/131 MP: 9/9
     8 | D        | Reached XP level 10. HP: 140/140 MP: 10/10
     8 | D        | Reached XP level 11. HP: 149/149 MP: 11/11
     8 | D        | Reached XP level 12. HP: 158/158 MP: 12/12
     8 | D        | Noticed a meat berserker
     9 | D        | Noticed a meat berserker
     9 | D        | Noticed a bag of meat
     9 | D        | Noticed a meat berserker
    11 | D        | Noticed a bag of meat
    11 | D        | Noticed a meat berserker
    11 | D        | Noticed a meat berserker
    11 | D        | Noticed a bag of meat
    11 | D        | Noticed a bag of meat
    12 | D        | Noticed a bag of meat
    12 | D        | Noticed a bag of meat
    12 | D        | Noticed a bag of meat
    12 | D        | Noticed a bag of meat
    12 | D        | Noticed a bag of meat
    13 | D        | Noticed a bag of meat
    13 | D        | Noticed a bag of meat
    14 | D        | Killed a meat berserker
    14 | D        | Reached XP level 13. HP: 104/184 MP: 13/13
    14 | D        | Reached XP level 14. HP: 110/195 MP: 14/14
    14 | D        | Noticed a bag of meat
    14 | D        | Noticed a bag of meat
    14 | D        | Noticed a bag of meat
    15 | D        | Killed a meat berserker
    15 | D        | Reached skill level 27 in Fighting
    15 | D        | Reached XP level 15. HP: 136/206 MP: 15/15
    15 | D        | Killed a meat berserker
    15 | D        | Reached *** piety under Makhleb
    15 | D        | Reached XP level 16. HP: 212/217 MP: 16/16
    15 | D        | Killed a meat berserker
    15 | D        | Reached XP level 17. HP: 226/226 MP: 17/17
    15 | D        | Noticed a meat berserker
    16 | D        | Reached **** piety under Makhleb
    16 | D        | Reached skill level 27 in Axes
    17 | D        | Killed a meat berserker
    17 | D        | Reached XP level 18. HP: 236/236 MP: 18/18
    18 | D        | Reached ***** piety under Makhleb
    18 | D        | Reached skill level 27 in Dodging
    18 | D        | Reached skill level 15 in Unarmed Combat
    19 | D        | Noticed a large bag of meat
    19 | D        | Reached XP level 19. HP: 245/245 MP: 19/19
    19 | D        | Reached skill level 27 in Armour
    20 | D        | Noticed a destroyer
    21 | D        | Killed a meat berserker
    21 | D        | Reached skill level 27 in Unarmed Combat
    21 | D        | Reached XP level 20. HP: 256/256 MP: 19/31
    21 | D        | Reached skill level 10 in Spellcasting
    21 | D        | Reached skill level 10 in Invocations
    22 | D        | Reached ****** piety under Makhleb
    22 | D        | Reached skill level 15 in Stealth
    23 | D        | Reached skill level 15 in Spellcasting
    23 | D        | Reached skill level 15 in Invocations
    23 | D        | Reached XP level 21. HP: 265/265 MP: 19/40
    23 | D        | Reached skill level 15 in Throwing
    23 | D        | Noticed a meat berserker
    26 | D        | Reached XP level 22. HP: 275/275 MP: 19/47
    28 | D        | Killed a large bag of meat
    28 | D        | Noticed The Servant
    28 | D        | Noticed a destroyer
    29 | D        | Killed a destroyer
    29 | D        | Reached skill level 27 in Stealth
    29 | D        | Reached XP level 23. HP: 238/284 MP: 20/53
    29 | D        | Reached skill level 27 in Spellcasting
    29 | D        | Reached skill level 27 in Invocations
    29 | D        | Reached skill level 27 in Throwing
    32 | D        | Reached XP level 24. HP: 295/295 MP: 21/54
    32 | D        | Noticed a large bag of meat
    33 | D        | Noticed a destroyer
    33 | D        | Noticed a large bag of meat
    33 | D        | Noticed a large bag of meat
    34 | D        | Noticed a destroyer
    34 | D        | Noticed a destroyer
    35 | D        | Noticed a destroyer
    36 | D        | Killed a destroyer
    36 | D        | Killed a destroyer
    36 | D        | Noticed a destroyer
    38 | D        | Reached XP level 25. HP: 185/304 MP: 23/54
    38 | D        | Killed a destroyer
    39 | D        | Killed a large bag of meat
    40 | D        | Noticed a destroyer
    40 | D        | Noticed a large bag of meat
    41 | D        | Reached XP level 26. HP: 223/314 MP: 24/54
    41 | D        | Killed a destroyer
    41 | D        | Reached XP level 27. HP: 323/323 MP: 24/54
    42 | D        | Noticed a destroyer
    43 | D        | Noticed a large bag of meat
    43 | D        | Noticed a destroyer
    44 | D        | Killed a large bag of meat
    44 | D        | Killed a large bag of meat
    45 | D        | Noticed an accursed
    45 | D        | Killed a destroyer
    45 | D        | Killed a destroyer
    45 | D        | Killed a destroyer
    45 | D        | Noticed a destroyer
    48 | D        | Noticed an accursed
    48 | D        | Killed a large bag of meat
    49 | D        | Noticed a tyrant
    49 | D        | Killed a destroyer
    50 | D        | Noticed a large bag of meat
    50 | D        | Noticed a destroyer
    51 | D        | Noticed a large bag of meat
    52 | D        | Noticed a tyrant
    52 | D        | Killed a destroyer
    52 | D        | Killed an accursed
    52 | D        | Noticed a large bag of meat
    54 | D        | Killed a tyrant
    54 | D        | Killed a destroyer
    55 | D        | Noticed a tyrant
    55 | D        | Noticed a destroyer
    55 | D        | Noticed an accursed
    55 | D        | Noticed a destroyer
    56 | D        | Noticed an accursed
    57 | D        | Killed a destroyer
    57 | D        | Killed a large bag of meat
    57 | D        | Killed a large bag of meat
    57 | D        | Noticed a large bag of meat
    58 | D        | Noticed a large bag of meat
    59 | D        | Killed a destroyer
    59 | D        | Noticed a destroyer
    59 | D        | Noticed a tyrant
    60 | D        | Killed an accursed
    60 | D        | Noticed a tyrant
    60 | D        | Noticed a destroyer
    61 | D        | Killed a large bag of meat
    61 | D        | Killed a destroyer
    62 | D        | Killed a destroyer
    62 | D        | Noticed a meat beast
    63 | D        | Noticed a destroyer
    63 | D        | Mangled by a meat berserker

Skill      XL: |  1  2  3  4  5  6  7  8  9 10 11 12 13 14 15 16 17 18 19 20 21 22 23 |
---------------+----------------------------------------------------------------------+-----
Fighting       | 20 26 27 | 27.0
Axes           | 17 19 21 23 26 27 | 27.0
Dodging        | 14 16 19 21 23 26 27 | 27.0
Stealth        | 5 9 17 23 27 | 27.0
Armour         | 9 13 16 19 21 25 27 | 27.0
Unarmed Combat | 11 19 27 | 27.0
Throwing       | 6 14 20 24 27 | 27.0
Spellcasting   | 7 15 21 26 27 | 27.0
Invocations    | 7 15 21 26 27 | 27.0

Action                   |  1- 3 |  4- 6 |  7- 9 | 10-12 | 13-15 | 16-18 | 19-21 | 22-24 | 25-27 || total
-------------------------+-------+-------+-------+-------+-------+-------+-------+-------+-------++-------
Melee: Executioner's axe |     1 |       |       |     1 |     1 |     4 |     7 |     7 |    16 ||    37
Dodge: Dodged            |       |       |       |       |     1 |       |       |     3 |     3 ||     7
